 Dungeon Crawl Stone Soup version 0.32-a0-711-g016ad743e0 (webtiles) character file.

Game seed: 16495549136324086389

133 zenocrate the Sneak (level 5, 0/34 HPs)
             Began as an Octopode Earth Elementalist on Mar 15, 2024.
             Killed from afar by an orc wizard (12 damage)
             ... with a puff of flame
             ... on level 3 of the Dungeon.
             The game lasted 00:02:53 (2425 turns).

zenocrate the Sneak (Octopode Earth Elementalist)   Turns: 2425, Time: 00:02:54

Health: 0/34       AC:  1    Str: 10    XL:     5   Next: 16%
Magic:  7/8        EV: 27    Int: 17    God:
Gold:   160        SH:  0    Dex: 12    Spells: 3/8 levels left

rFire   . .          .
                       - Unarmed
rCold   . . .        (no shield)
rNeg    . . .        (helmet restricted)
rPois   +            o - amulet of the acrobat
rElec   .            c - ring of poison resistance
rCorr   .            (no ring)
SInv    .            (no ring)
Will    .....        (no ring)
Stlth   +++          (no ring)
HPRegen 0.25/turn    (no ring)
MPRegen 0.11/turn    (no ring)
                     (no ring)

%: acrobat
@: acrobatic
A: almost no armour, amphibious, 8 rings, camouflage 1, gelatinous body 1,
(nimble swimmer 1), tentacles
a: no special abilities


You were on level 3 of the Dungeon.
You visited 1 branch of the dungeon, and saw 4 of its levels.

You collected 160 gold pieces.

Inventory:

Jewellery
 c - a ring of poison resistance (left tentacle)
 m - an amulet of guardian spirit
 o - an amulet of the acrobat (around mantle)
Wands
 j - a wand of roots (4)
Scrolls
 d - a scroll of blinking {unknown}
 e - 2 scrolls of teleportation {unknown}
 f - a scroll of torment {unknown}
 i - a scroll of fear {unknown}
 n - a scroll of vulnerability {unknown}
Potions
 a - a potion of magic
 b - 2 potions of brilliance
 g - a potion of attraction
 k - a potion of curing


   Skills:
 * Level 2.1 Fighting
 + Level 2.6 Dodging
 + Level 3.4 Stealth
 + Level 1.2 Unarmed Combat
 + Level 2.3 Spellcasting
 + Level 1.8 Conjurations
 + Level 3.3 Earth Magic
 + Level 1.0 Evocations


You had 3 spell levels left.
You knew the following spells:

 Your Spells              Type           Power      Damage    Failure   Level
a - Sandblast             Erth           26%        2d8       4%          1
b - Stone Arrow           Conj/Erth      20%        3d8       19%         3
m - Apportation           Tloc           2%         N/A       19%         1

Your spell library contained the following spells:

 Spells                   Type           Power      Damage    Failure   Level
 Sting                    Conj/Alch      20%        1d4       13%         1
 Passwall                 Erth           13%        N/A       14%         3
 Necrotise                Necr           4%         1d4       19%         1
 Summon Small Mammal      Summ           4%         N/A       19%         1
 Ensorcelled Hibernation  Hex/Ice        2%         N/A       28%         2
 Dazzling Flash           Conj/Hex       10%        N/A       36%         3
 Mephitic Cloud           Conj/Alch/Air  4%         N/A       41%         3
 Swiftness                Air            1%         N/A       50%         3
 Brom's Barrelling Bould  Conj/Erth      10%        2d3       54%         4
 Petrify                  Alch/Erth      7%         N/A       67%         4
 Curse of Agony           Necr           1%         N/A       99%         5
 Silence                  Hex/Air        0%         N/A       99%         5


Dungeon Overview and Level Annotations

Branches:
Dungeon (4/15)
 Temple: D:4-7

Altars:
Yredelemnul

Annotations:
D:4 Ijyb


Innate Abilities, Weirdness & Mutations

You cannot wear most types of armour.
You are amphibious.
You can wear up to eight rings at the same time.
Your skin changes colour to match your surroundings (Stealth+).
Your rubbery body absorbs attacks. (AC +1, EV +1)
((You are camouflaged when in or above water. (Stealth+)))
You have tentacles for arms and can constrict up to eight enemies at once.


Message History

A gnoll is nearby!
Casting: Sandblast (safe; 4% risk of failure)
Confirm with . or Enter, or press ? or * to list all spells.
Aiming: Sandblast (safe; 4% risk of failure)
Press: ? - help, Shift-Dir - straight line, f/p - gnoll
Aim: a gnoll, wielding a +0 spear (moderately wounded, 84% to hit)
The blast of sand hits the gnoll.
The gnoll is heavily wounded.
The gnoll completely misses you. The gnoll barely misses you.
Unknown command.
The gnoll completely misses you.
You tentacle-slap the gnoll but do no damage.
Your grab misses the gnoll. You squeeze the gnoll!
You kill the gnoll!
Your Evocations skill increases to level 1!
You see here a +0 spear.
No target in view!
Key pressed, stopping explore.
No target in view!
There is a stone staircase leading down here.
An orc comes into view. It is wielding a +0 mace.
The orc shouts!
You hear a shout!
An orc comes into view. It is wielding a +0 club.
There are monsters nearby!
Casting: Sandblast (safe; 4% risk of failure)
Confirm with . or Enter, or press ? or * to list all spells.
Aiming: Sandblast (safe; 4% risk of failure)
Press: ? - help, Shift-Dir - straight line, f - orc
Aim: an orc, wielding a +0 mace (82% to hit)
The blast of sand hits the orc!
You kill the orc!
The orc shouts!
The orc wizard gestures at you while chanting.
The puff of flame hits you!
An orc wizard comes into view. It is wielding a +0 dagger.
The orc wizard gestures at you while chanting.
The magic dart hits you! The orc wizard casts a spell at you.
The puff of flame hits you!
You die...

#.###...........# #.#
...#.# ##.#.######.####.#
...#+####.#....#........#
..........#.##.###..#.#.#
...o...........##.....#.#
..o.................#.#.#
..o.......#.........#.#.#
......)##########...###.#
......).@.......#.#.# #.#
###..........##.#.#.###.#
#..........##.#.....#.#
.............##.###.#.#.#
###..........##.........#
....#
#..........##.###.#.#.#
....#
#..........##.#...#.#.#
...)#
................###.#.#
....# ##############..#
#.#.#


You could see 2 orc wizards and an orc.

Vanquished Creatures
  An orc wizard (D:3)
  3 gnolls (D:3)
  2 adders (D:2)
  2 dart slugs
  4 orcs (D:3)
  A ball python (D:3)
  5 endoplasms
  3 giant cockroaches
  2 goblins (D:1)
  7 hobgoblins
  2 jackals (D:2)
  2 quokkas (D:1)
  3 bats
  A frilled lizard (D:3)
  5 kobolds
  8 rats
51 creatures vanquished.

Notes
Turn   | Place    | Note
-------+----------+-------------------------------------------
     0 | D:1      | zenocrate the Octopode Earth Elementalist began the quest
                  | for the Orb.
     0 | D:1      | Reached XP level 1. HP: 11/11 MP: 3/3
   224 | D:1      | Reached XP level 2. HP: 18/18 MP: 1/5
  1084 | D:1      | Reached XP level 3. HP: 22/22 MP: 4/6
  1088 | D:1      | Learned a level 3 spell: Stone Arrow
  1089 | D:1      | Reached skill level 1 in Fighting
  1402 | D:2      | You fall into a shaft and drop 2 floors!
  1466 | D:4      | Noticed Ijyb
  1675 | D:2      | Found a basalt altar of Yredelemnul.
  1743 | D:2      | Learned a level 1 spell: Apportation
  1868 | D:2      | Found the +1 Delatra's gloves {ID++}
  1888 | D:2      | Reached XP level 4. HP: 28/28 MP: 7/7
  2130 | D:3      | Reached skill level 1 in Unarmed Combat
  2283 | D:3      | Reached XP level 5. HP: 13/34 MP: 0/8
  2307 | D:3      | Reached skill level 1 in Evocations
  2425 | D:3      | Killed from afar by an orc wizard

Illustrated notes

Levels and vault maps discovered:
D:1:      dpeg_arrival_arbitrary_c, layout_basic, ebering_dispersal_statue_hall,
          minmay_distorted
D:2:      layout_rooms, basic_altar
D:3:      layout_basic
D:4:      minmay_clustersquares, layout_layer_cave,
          mainiacjoe_overflow_catch_the_wave, chequers_avenue, uniq_ijyb

Skill      XL: |  1  2  3  4  5 |
---------------+----------------+-----
Stealth        | 3 |  3.4
Fighting       | 1 2 |  2.1
Unarmed Combat | 1 |  1.2
Evocations     | 1 |  1.0
Dodging        | |  2.6
Spellcasting   | |  2.3
Conjurations   | |  1.8
Earth Magic    | |  3.3

Action                     |  1- 3 |  4- 6 || total
---------------------------+-------+-------++-------
  Melee: Unarmed           |    30 |    12 ||    42
         Constrict         |    11 |     6 ||    17
         Tentacles         |     3 |     6 ||     9
   Cast: Sandblast         |    33 |    23 ||    56
    Use: Scroll            |     3 |     1 ||     4
         Potion            |       |     1 ||     1
   Stab: Sleeping          |     4 |     1 ||     5
 Armour: Skin              |    10 |    13 ||    23
  Dodge: Dodged            |    17 |    14 ||    31

Table legend: (Time is in decaauts)
 A = Elapsed time spent in this place.
 B = Non-inter-level travel time spent in this place.
 C = Inter-level travel time spent in this place.
 D = Time resting spent in this place.
 E = Time spent auto-exploring this place.
 F = Levels seen in this place.
 G = Mean time per level.
                   A        B        C        D        E       F      G
               +--------+--------+--------+--------+--------+-----+--------+
         Total |   2440 |   2371 |     69 |      0 |   1954 |   4 |  610.0 |
       Dungeon |   2440 |   2371 |     69 |      0 |   1954 |   4 |  610.0 |
               +--------+--------+--------+--------+--------+-----+--------+

Top non-repeatable levels by time:
     D:1: 1406 daAuts
     D:3: 522 daAuts
     D:2: 432 daAuts
     D:4: 78 daAuts
